 Dungeon Crawl Stone Soup version 0.32-a0-918-g0f22ef8d61 (webtiles) character file.

Game seed: 9883296426749772699

262099 Doorstop00 the Warrior (level 19, -3/280 HPs)
             Began as a Minotaur Berserker on Apr 10, 2024.
             Was the Champion of Trog.
             Slain by Mennas
             ... wielding a +1 eudemon blade of holy wrath
              (11 damage)
             ... on level 2 of the Vaults on Apr 11, 2024.
             The game lasted 03:51:48 (34752 turns).

Doorstop00 the Warrior (Minotaur Berserker)        Turns: 34752, Time: 03:51:49

Health: -3/280     AC: 29    Str: 28    XL:     19   Next: 21%
Magic:  9/9        EV:  2    Int:  6    God:    Trog [******]
Gold:   4323       SH: 20    Dex: 10    Spells: 18/18 levels left

rFire   + . .        l - +7 broad axe (flame)
rCold   . . .        y - +0 tower shield
rNeg    . . .        Y - melded +2 pearl dragon scales
rPois   +            I - melded +2 hat
rElec   +            w - melded scarf {repulsion}
rCorr   .            f - melded +2 pair of gloves "Ajeck" {Int+2 Dex+3}
SInv    .            (boots currently unavailable)
Will    ++...        Q - amulet "Gukaj" {Faith rElec rPois Regen+ MP-9}
Stlth   +            M - ring of willpower
HPRegen 1.46/turn    j - ring of protection from fire
MPRegen 0.11/turn

%: faith
@: tree-form, hasted, glowing, silenced, very quick
A: stationary, stasis, torment immunity, boosted hp, (horns 2), (retaliatory
headbutt)
}: 2/15 runes: decaying, gossamer
a: Renounce Religion


You were on level 2 of the Vaults.
You worshipped Trog.
Trog was exalted by your worship.
You were a tree.
You visited 6 branches of the dungeon, and saw 32 of its levels.
You also visited: Bailey and Ice Cave.

You collected 4662 gold pieces.
You spent 339 gold pieces at shops.

Inventory:

Hand Weapons
 l - a +7 broad axe of flaming (weapon)
 N - a +3 antimagic war axe
Armour
 f - the +2 pair of gloves "Ajeck" (melded) {Int+2 Dex+3}
   (You found it on level 1 of the Spider Nest)

   Int+2:     It affects your intelligence (+2).
   Dex+3:     It affects your dexterity (+3).
 s - the +4 ice dragon scales of Optimism {rF- rC++ Str+4}
   (You found it in an ice cave)

   Str+4:     It affects your strength (+4).
   rF-:       It makes you vulnerable to fire.
   rC++:      It greatly protects you from cold.
 w - a scarf of repulsion (melded)
 y - a +0 tower shield (worn)
 I - a +2 hat (melded)
 Y - +2 pearl dragon scales (melded)
Jewellery
 d - a ring of flight
 h - a ring of poison resistance
 j - a ring of protection from fire (right branch)
 t - a +5 ring of evasion
 F - a ring of resist corrosion
 M - a ring of willpower (left branch)
 Q - the amulet "Gukaj" (around neck) {Faith rElec rPois Regen+ MP-9}
   (You found it on level 2 of the Lair of Beasts)

   [amulet of faith]

   Faith:     It allows you to gain divine favour quickly.
   rElec:     It insulates you from electricity.
   rPois:     It protects you from poison.
   MP-9:      It affects your magic capacity (-9).
   Regen+:    It increases your rate of health regeneration.
 V - a ring of positive energy
Wands
 a - a wand of mindburst (11)
 q - a wand of flame (23)
 u - a wand of digging (17)
 C - a wand of acid (21)
 J - a wand of warping (17)
 L - a wand of polymorph (1)
 P - a wand of paralysis (6)
Scrolls
 b - 10 scrolls of blinking
 c - 2 scrolls of immolation
 g - a scroll of brand weapon
 m - 6 scrolls of enchant armour
 r - 3 scrolls of summoning
 v - a scroll of revelation
 A - 2 scrolls of enchant weapon
 D - 6 scrolls of fear
 E - 4 scrolls of teleportation
 H - 7 scrolls of fog
Potions
 i - 13 potions of curing
 k - 3 potions of haste
 n - 5 potions of lignification
 o - 3 potions of might
 p - 3 potions of cancellation
 z - a potion of invisibility
 G - 6 potions of brilliance
 S - 2 potions of resistance
 T - 2 potions of enlightenment
 W - a potion of magic
Miscellaneous
 K - a tin of tremorstones (1/2)


   Skills:
 - Level 20.4 Fighting
 - Level 18.1 Axes
 * Level 17.3 Armour
 * Level 14.8 Dodging
 - Level 2.2 Stealth
 * Level 19.8 Shields
 * Level 9.8 Evocations


You had 18 spell levels left.
You didn't know any spells.
Your spell library was empty.

Dungeon Overview and Level Annotations

Branches:
Dungeon (15/15)            Temple (0/1) D:5            Lair (5/5) D:11
  Swamp (4/4) Lair:2       Spider (4/4) Lair:2        Slime (0/5) Lair:5
    Orc (2/2) D:10            Elf (0/3) Orc:2        Vaults (2/5) D:13
 Depths (0/4) D:15         Bailey (visited)           IceCv (visited)
  Crypt: Vaults:2-3

Altars:
Cheibriados
Gozag
Hepliaklqana
Nemelex Xobeh
Okawaru
Qazlal
Sif Muna
Trog
Beogh
Jiyva

Shops:
D:1 (   D:3 !   D:8 [   D:9 (   Orc:2 ?!*(=   Vaults:1 [

Annotations:
Lair:1 3 runed translucent doors, Acoak's ghost, journeyman DgEE
Spider:2 1 runed translucent door, Sukhag's ghost, adept MiCA
Vaults:2 Mennas


Innate Abilities, Weirdness & Mutations

You are a tree.
Your roots penetrate the ground, keeping you stationary.
You cannot be teleported.
You are immune to unholy pain and torment.
Your maximum health is greatly increased.
Your equipment is partially melded.
((You have a pair of horns on your head.))
((You reflexively headbutt those who attack you in melee.))


Message History

* * * LOW HITPOINT WARNING * * *
Mennas hits you but does no damage. Mennas blocks your attack.
Mennas is heavily wounded.
You block Mennas's attack.
Mennas hits you with a +1 eudemon blade of holy wrath.
* * * LOW HITPOINT WARNING * * *
Mennas blocks your attack.
Mennas is heavily wounded.
Mennas hits you with a +1 eudemon blade of holy wrath!
* * * LOW HITPOINT WARNING * * *
You block Mennas's attack.
You slice Mennas!! You burn Mennas.
Mennas is severely wounded.
Mennas hits you with a +1 eudemon blade of holy wrath!!
* * * LOW HITPOINT WARNING * * *
You block Mennas's attack.
You slice Mennas!! You burn Mennas.
Mennas is severely wounded.
You block Mennas's attack.
Mennas hits you with a +1 eudemon blade of holy wrath.
* * * LOW HITPOINT WARNING * * *
You feel yourself speed up.
Mennas hits you with a +1 eudemon blade of holy wrath.
* * * LOW HITPOINT WARNING * * *
You block Mennas's attack.
Mennas hits you with a +1 eudemon blade of holy wrath!
* * * LOW HITPOINT WARNING * * *
Mennas hits you with a +1 eudemon blade of holy wrath!
* * * LOW HITPOINT WARNING * * *
Mennas blocks your attack.
Mennas is severely wounded.
Mennas hits you with a +1 eudemon blade of holy wrath!
* * * LOW HITPOINT WARNING * * *
Mennas hits you but does no damage. Mennas blocks your attack.
Mennas is severely wounded.
You block Mennas's attack.
Mennas hits you with a +1 eudemon blade of holy wrath!
You die...

..##)## #..###....#
..#...###.##.##.....
....∩...........#####
..#...##.##'###########
..##.###..............#
.....# ###............#
....## #............#
....# #............#
....# #.....A♣.....#
###'######....<.......#
.#...#.#.#....†.......#
#.#.#.#.##............#
.#.#.#.#.'............#
#.#.#.#.##.......>....#
.#[#.#.#.####'#########
#)#.#.#..##...........#
.#.#.#.#.##...........#


You could see Mennas (silencing).

Vanquished Creatures
  Rupert (Orc:2)
  A lich (IceCv)
  Mlioglotl (Spider:1)
  Zenata (Vaults:1)
  Jorgrun (Orc:2)
  Frances (Spider:1)
  Gastronok (D:8)
  A storm dragon (D:12)
  A thorn hunter (Swamp:4)
  A vault warden (Vaults:1)
  4 ghost moths (Spider:4)
  An orc warlord (Orc:2)
  6 emperor scorpions (Spider:4)
  3 ironbound preservers
  4 broodmothers
  4 ironbound thunderhulks
  7 eleionomae
  3 dire elephants
  4 bunyips
  An ettin (Vaults:2)
  2 spark wasps
  A fire dragon (D:15)
  Josephine (D:14)
  3 great orbs of eyes
  A shambling mangrove (Swamp:4)
  5 entropy weavers
  6 vault guards
  2 yaktaur captains (Vaults:1)
  Erolcha (Orc:2)
  Fannar (Lair:1)
  An ogre mage (Vaults:1)
  4 ghost crabs
  3 ironbound frosthearts
  An ice dragon (D:15)
  4 jorogumos
  A caustic shrike simulacrum (IceCv)
  12 centaur warriors
  7 alligators
  16 hydras
  3 radroaches
  An anaconda (Lair:5)
  2 catoblepae
  9 boulder beetles
  A tengu warrior (D:12)
  2 two-headed ogres
  5 death yaks
  An occultist (D:12)
  4 orc high priests (Orc:2)
  A deep troll earth mage (D:13)
  4 demonic crawlers
  Urug (Lair:1)
  Sonja (Lair:1)
  A skyshark (Lair:5)
  6 pharaoh ants
  Lodul (D:14)
  3 spriggan druids
  6 skeletal warriors (D:12)
  A sun moth (Spider:3)
  9 swamp dragons
  6 goliath frogs
  A lindwurm (Lair:2)
  8 orb spiders
  A flayed ghost (D:12)
  7 arcanists
  3 ironbound convokers (Vaults:1)
  9 steelbarb worms
  11 bog bodies
  15 deep trolls
  A harpy (Vaults:1)
  6 orc knights
  5 deep elf pyromancers
  A necromancer (IceCv)
  An obsidian bat (Orc:2)
  5 manticores
  6 cyclopes
  An orc sorcerer (Orc:2)
  11 ugly things
  14 wolf spiders
  4 moths of wrath
  24 elephants
  5 meliai
  5 will-o-the-wisps
  A meliai (shapeshifter) (D:14)
  2 kobold blastminers
  5 torpor snails
  2 black mambas
  Joseph (Lair:1)
  9 cane toads
  2 molten gargoyles (D:14)
  A cane toad (shapeshifter) (D:12)
  A gargoyle (D:12)
  Jeremiah (D:8)
  9 vault sentinels
  An unseen horror (D:10)
  5 rime drakes
  6 komodo dragons
  An efreet (D:14)
  2 kobold demonologists (D:7)
  14 freezing wraiths
  9 yaktaurs
  An anaconda simulacrum (IceCv)
  An ice devil (IceCv)
  2 golden dragon simulacra (IceCv)
  3 tengu conjurers
  8 trolls
  A bloated husk (Swamp:4)
  4 polar bears
  2 alligator simulacra (IceCv)
  11 hornets
  4 tyrant leeches
  14 tarantellas
  22 jumping spiders
  17 blink frogs
  A jumping spider (shapeshifter) (Spider:3)
  7 dream sheep (Lair:5)
  15 culicivoras
  7 spriggans
  49 yaks
  32 slime creatures
  3 water elementals (D:12)
  11 wraiths
  4 wyverns
  A vampire (D:12)
  3 shadows
  3 dire elephant simulacra (IceCv)
  5 basilisks
  A steam dragon (Lair:2)
  59 redbacks
  3 wargs
  2 vampire mosquitoes (D:12)
  A minotaur simulacrum (IceCv)
  21 swamp worms
  4 acid dragons
  3 harpy simulacra (IceCv)
  12 water moccasins
  2 hydra simulacra (IceCv)
  4 ice beasts
  6 swamp drakes
  4 black bears
  15 orc warriors
  2 laughing skulls (D:14)
  10 ogres
  3 boggarts (D:14)
  19 centaurs
  8 wolves
  A phantom (D:5)
  3 kobold brigands
  6 gnoll sergeants
  5 bullfrogs
  4 scorpions
  4 deep troll simulacra (IceCv)
  6 lindwurm simulacra (IceCv)
  5 howler monkeys
  7 electric eels
  5 lava snakes (D:14)
  7 jellies
  25 orc priests
  6 gnoll boudas
  3 hounds
  2 sleepcaps
  5 iguanas
  22 orc wizards
  5 hell rats (Lair:4)
  A boggart simulacrum (D:12)
  15 gnolls
  10 adders
  5 shadow imps
  4 white imps
  2 ufetubi (D:6)
  A ribbon worm (D:2)
  2 dart slugs
  53 orcs
  6 ball pythons
  7 endoplasms
  2 giant cockroaches
  9 hobgoblins
  A jackal (D:4)
  5 quokkas
  3 bats
  4 frilled lizards
  14 goblins
  20 kobolds
  2 rats (D:3)
  A spectral weapon (Swamp:3)
1101 creatures vanquished.

Vanquished Creatures (collateral kills)
  An emperor scorpion (Spider:4)
  A vault warden (Vaults:1)
  A ghost moth (Spider:2)
  An ironbound preserver (Vaults:1)
  An orc warlord (Vaults:1)
  A broodmother (Spider:2)
  An ironbound thunderhulk (Vaults:1)
  A dire elephant (Vaults:2)
  A shambling mangrove (Swamp:4)
  3 vault guards (Vaults:2)
  A centaur warrior (Vaults:2)
  A boulder beetle (D:12)
  A death yak (Lair:5)
  A bog body (IceCv)
  An obsidian statue (IceCv)
  A swamp dragon (Swamp:4)
  An orc sorcerer (Orc:2)
  A cyclops (D:12)
  A vault sentinel (Vaults:1)
  A yaktaur (Vaults:1)
  A freezing wraith (IceCv)
  A jumping spider (Spider:4)
  A culicivora (Spider:4)
  A harpy simulacrum (IceCv)
  2 wolves (Bailey)
  2 gnoll sergeants (Bailey)
  2 orc priests (Orc:2)
  2 gnolls (Bailey)
  An orc (Orc:2)
35 creatures vanquished.

Vanquished Creatures (others)
  A bunyip (Swamp:1)
  A goliath frog (Swamp:2)
  A will-o-the-wisp (Swamp:3)
  An unseen horror (D:12)
  2 bloated husks
  2 tyrant leeches
  A swamp worm (Swamp:2)
  2 orcs
  16 foxfires
27 creatures vanquished.

Grand Total: 1163 creatures vanquished

Notes
Turn   | Place    | Note
-------+----------+-------------------------------------------
     0 | D:1      | Doorstop00 the Minotaur Berserker began the quest for the
                  | Orb.
     0 | D:1      | Reached XP level 1. HP: 19/19 MP: 0/0
    91 | D:1      | Reached XP level 2. HP: 27/27 MP: 1/1
   144 | D:1      | Found Lamuicou's Antique Weapon Shoppe.
   217 | D:1      | Reached skill level 4 in Fighting
  1195 | D:2      | Reached XP level 3. HP: 33/33 MP: 2/2
  1216 | D:2      | Found a faded altar of an unknown god.
  1393 | D:2      | Reached ** piety under Trog
  1878 | D:3      | Reached XP level 4. HP: 39/41 MP: 3/3
  1974 | D:3      | Found Vaetov's Distillery.
  1981 | D:3      | Reached skill level 1 in Shields
  1996 | D:3      | Bought a potion of lignification for 30 gold pieces
  1996 | D:3      | Bought a potion of might for 40 gold pieces
  2325 | D:3      | You fall into a shaft and drop 2 floors!
  2325 | D:5      | Entered Level 5 of the Dungeon
  2365 | D:5      | Reached skill level 5 in Axes
  2365 | D:5      | Reached XP level 5. HP: 47/47 MP: 4/4
  2435 | D:5      | Reached *** piety under Trog
  2514 | D:5      | Found an iron altar of Okawaru.
  2517 | D:5      | Found a shimmering blue altar of Sif Muna.
  2519 | D:5      | Found an opulent altar of Gozag.
  2536 | D:5      | Noticed a centaur
  2546 | D:5      | Killed a centaur
  2547 | D:5      | Reached skill level 5 in Fighting
  2547 | D:5      | Reached XP level 6. HP: 30/56 MP: 5/5
  2878 | D:3      | Found a stormy altar of Qazlal.
  3056 | D:4      | Found a hazy altar of Hepliaklqana.
  3163 | D:4      | Reached skill level 1 in Stealth
  3169 | D:4      | Identified the +6 glaive of the Horn {freeze, Str+5}
  3574 | D:4      | Reached XP level 7. HP: 55/61 MP: 6/6
  3954 | D:5      | Noticed a two-headed ogre
  3970 | D:5      | Killed a two-headed ogre
  3971 | D:5      | Reached skill level 5 in Armour
  3971 | D:5      | Reached XP level 8. HP: 10/70 MP: 7/7
  4198 | D:5      | Reached skill level 6 in Fighting
  4203 | D:5      | Found a staircase to the Ecumenical Temple.
  4753 | D:6      | Reached skill level 5 in Dodging
  4788 | D:6      | Reached **** piety under Trog
  4986 | D:6      | Reached XP level 9. HP: 78/78 MP: 8/8
  5061 | D:6      | Found a bloodstained altar of Trog.
  5543 | D:7      | Reached skill level 10 in Axes
  5545 | D:7      | Noticed a kobold demonologist
  5571 | D:7      | Killed a kobold demonologist
  5579 | D:7      | Noticed a kobold demonologist
  5584 | D:7      | Killed a kobold demonologist
  5585 | D:7      | Reached skill level 7 in Fighting
  5585 | D:7      | Reached skill level 5 in Shields
  5736 | D:7      | Found a snail-covered altar of Cheibriados.
  5888 | D:7      | Found a sparkling altar of Nemelex Xobeh.
  6115 | D:8      | Found Jicli Virpha's Antique Armour Shop.
  6127 | D:8      | Reached ***** piety under Trog
  6212 | D:8      | Noticed Gastronok
  6228 | D:8      | Killed Gastronok
  6229 | D:8      | Reached XP level 10. HP: 49/86 MP: 9/9
  6288 | D:8      | Reached skill level 8 in Fighting
  6440 | D:8      | Noticed Jeremiah
  6483 | D:8      | Killed Jeremiah
  6664 | D:8      | Found a flagged portal.
  6687 | Bailey   | Entered a bailey
  7021 | Bailey   | Received a gift from Trog
  7335 | D:8      | Reached skill level 9 in Fighting
  7553 | D:9      | Reached XP level 11. HP: 97/97 MP: 10/10
  7568 | D:9      | Identified the +2 chain mail of Foad {rCorr Str+6 SInv}
  7737 | D:9      | Found Koijaugh's Weapon Shop.
  8181 | D:10     | Entered Level 10 of the Dungeon
  8282 | D:10     | Reached skill level 10 in Fighting
  8338 | D:10     | Noticed a boulder beetle
  8358 | D:10     | Killed a boulder beetle
  8628 | D:10     | Noticed a two-headed ogre
  8637 | D:10     | Killed a two-headed ogre
  8712 | D:10     | Found a staircase to the Orcish Mines.
  8731 | D:10     | Found a roughly hewn altar of Beogh.
  9179 | D:11     | Found a staircase to the Lair.
  9378 | D:11     | Found Damoowiu's General Store.
  9828 | Lair:1   | Entered Level 1 of the Lair of Beasts
  9861 | Lair:1   | You fall into a shaft and drop 1 floor!
  9861 | Lair:2   | Noticed a lindwurm
  9872 | Lair:2   | Killed a lindwurm
  9924 | Lair:1   | Found a runed translucent gate.
  9925 | Lair:1   | Found a runed translucent gate.
  9926 | Lair:1   | Found a runed translucent gate.
  9961 | Lair:1   | Reached skill level 10 in Armour
  9976 | Lair:1   | Noticed Acoak's ghost (journeyman DgEE)
 10041 | Lair:1   | Noticed Sonja
 10042 | Lair:1   | Noticed Fannar
 10049 | Lair:1   | Noticed Joseph
 10198 | Lair:1   | Killed Fannar
 10230 | Lair:1   | Killed Sonja
 10231 | Lair:1   | Reached skill level 15 in Axes
 10254 | Lair:1   | Reached XP level 12. HP: 108/108 MP: 11/11
 10382 | Lair:1   | Killed Joseph
 10420 | Lair:1   | Noticed Urug
 10427 | Lair:1   | Killed Urug
 10655 | Lair:2   | Reached skill level 11 in Fighting
 10788 | Lair:2   | Identified the amulet "Gukaj" {Faith rElec rPois Regen+
                  | MP-9}
 10850 | Lair:2   | Found a hole to the Spider Nest.
 11207 | Lair:2   | Found a staircase to the Swamp.
 11686 | Lair:3   | Reached skill level 1 in Evocations
 11764 | Lair:3   | Noticed an eight-headed hydra
 11775 | Lair:3   | Killed a four-headed hydra
 11865 | Lair:3   | Noticed a catoblepas
 11885 | Lair:3   | Killed a catoblepas
 12598 | Lair:4   | Reached skill level 12 in Fighting
 12711 | Lair:4   | Reached XP level 13. HP: 118/118 MP: 3/12
 13523 | Orc:1    | Entered Level 1 of the Orcish Mines
 13589 | Orc:1    | Received a gift from Trog
 13608 | Orc:2    | Entered Level 2 of the Orcish Mines
 13997 | Orc:2    | Noticed Erolcha
 14365 | D:12     | Noticed a storm dragon
 14567 | Lair:5   | Entered Level 5 of the Lair of Beasts
 14909 | Lair:5   | Reached skill level 13 in Fighting
 14983 | Lair:5   | Received a gift from Trog
 15281 | Lair:5   | Noticed a dire elephant
 15301 | Lair:5   | Killed a dire elephant
 15302 | Lair:5   | Reached XP level 14. HP: 114/130 MP: 4/13
 15340 | Lair:5   | Identified the +1 robe of the Jabberwock {Will+}
 15575 | Lair:5   | Received a gift from Trog
 15597 | Lair:5   | Reached skill level 14 in Fighting
 15874 | Lair:5   | Found a viscous altar of Jiyva.
 15885 | Lair:5   | Found a staircase to the Slime Pits.
 16293 | Spider:1 | Entered Level 1 of the Spider Nest
 16294 | Spider:1 | Found a glacial archway.
 16315 | IceCv    | Entered an ice cave
 16363 | IceCv    | Reached skill level 5 in Evocations
 16445 | IceCv    | Reached skill level 10 in Dodging
 16785 | IceCv    | Found an ancient bone altar of Kikubaaqudgha.
 16827 | IceCv    | Reached skill level 15 in Fighting
 16828 | IceCv    | Reached skill level 10 in Shields
 16975 | IceCv    | Identified the +4 ice dragon scales of Optimism {rF- rC++
                  | Str+4}
 17235 | IceCv    | Noticed a lich
 17239 | IceCv    | Killed a lich
 17263 | IceCv    | Identified the ring of Ahoigef {rElec rN+ SInv}
 17376 | Spider:1 | Noticed Frances
 17497 | Spider:1 | Killed Frances
 17549 | Spider:1 | Noticed Mlioglotl
 17558 | Spider:1 | Killed Mlioglotl
 17624 | Spider:1 | Identified the +2 pair of gloves "Ajeck" {Int+2 Dex+3}
 18083 | Spider:1 | Reached XP level 15. HP: 127/143 MP: 5/14
 18331 | Spider:1 | Reached skill level 16 in Fighting
 18445 | Spider:2 | Received a gift from Trog
 19250 | Spider:2 | Found a runed translucent door.
 19250 | Spider:2 | Noticed Sukhag's ghost (adept MiCA)
 19591 | Spider:3 | Identified the ring of Cagomy {rPois Dex+5}
 19620 | Spider:3 | Reached ****** piety under Trog
 19674 | Spider:4 | Entered Level 4 of the Spider Nest
 19744 | Spider:4 | Reached skill level 17 in Fighting
 19816 | Spider:3 | Received a gift from Trog
 21304 | Spider:4 | Reached XP level 16. HP: 157/157 MP: 0/15
 21711 | Spider:4 | Received a gift from Trog
 21776 | Spider:4 | Reached skill level 18 in Fighting
 22768 | Spider:4 | Reached skill level 15 in Armour
 22976 | Spider:4 | Got a gossamer rune of Zot
 23703 | D:12     | Killed a storm dragon
 23718 | D:12     | Reached skill level 19 in Fighting
 24322 | D:12     | Received a gift from Trog
 24883 | D:13     | Found a gate to the Vaults.
 25060 | D:13     | Reached XP level 17. HP: 161/168 MP: 7/16
 25156 | D:13     | Identified the +0 chain mail of Otuquber {+Inv Str+2}
 25452 | D:14     | Noticed Lodul
 25478 | D:14     | Killed Lodul
 25629 | D:14     | Noticed Josephine
 25637 | D:14     | Killed Josephine
 26276 | D:15     | Entered Level 15 of the Dungeon
 26410 | D:15     | Received a gift from Trog
 27122 | D:15     | Found a staircase to the Depths.
 27332 | D:15     | Found a sparkling altar of Nemelex Xobeh.
 27563 | Orc:2    | Killed Erolcha
 27642 | Orc:2    | Noticed Rupert
 27686 | Orc:2    | Killed Rupert
 27687 | Orc:2    | Reached skill level 20 in Fighting
 27773 | Orc:2    | Noticed Jorgrun
 27790 | Orc:2    | Found a staircase to the Elven Halls.
 27839 | Orc:2    | Killed Jorgrun
 28137 | Orc:2    | Received a gift from Trog
 28439 | Orc:2    | Found Xaupanaas's Jewellery Emporium.
 28483 | Orc:2    | Found Mepnu's Assorted Antiques.
 28483 | Orc:2    | Found Becen Otana's Antique Weapon Emporium.
 28489 | Orc:2    | Found Osif's Magic Scroll Shoppe.
 28489 | Orc:2    | Found Inok's Distillery.
 28537 | Orc:2    | Bought a scroll of revelation for 82 gold pieces
 28543 | Orc:2    | Bought a scroll of enchant armour for 187 gold pieces
 28904 | Swamp:1  | Entered Level 1 of the Swamp
 29510 | Swamp:2  | Reached skill level 15 in Shields
 29585 | Swamp:2  | Received a gift from Trog
 29620 | Swamp:2  | Identified the +0 ring mail of Uskayaw's Benevolence {Int+4
                  | Dex+5 SInv}
 30630 | Swamp:3  | Reached XP level 18. HP: 180/180 MP: 8/17
 30821 | Swamp:4  | Entered Level 4 of the Swamp
 30827 | Swamp:4  | Received a gift from Trog
 31532 | Swamp:4  | Got a decaying rune of Zot
 31975 | Vaults:1 | Entered Level 1 of the Vaults
 32022 | Vaults:1 | Found Matorch's Antique Armour Boutique.
 32105 | Vaults:1 | Received a gift from Trog
 32818 | Vaults:1 | Noticed Zenata
 32838 | Vaults:1 | Killed Zenata
 33210 | Vaults:1 | Found Teuxte List's General Store.
 33321 | Vaults:1 | Received a gift from Trog
 34306 | Vaults:2 | Reached XP level 19. HP: 166/187 MP: 9/18
 34689 | Vaults:2 | Noticed Mennas
 34751 | Vaults:2 | HP: 7/280 [Mennas/+1 eudemon blade of holy wrath (10)]
 34752 | Vaults:2 | Slain by Mennas

Illustrated notes

Levels and vault maps discovered:
D:1:      kilobyte_arrival_exit_the_forest, layout_basic, serial_shops, shop,
          serial_bayou_crossing
D:2:      minmay_kobold_bridge, layout_loops_ring,
          shapermc_ecumenical_altar_starsandcircs
D:3:      layout_loops_ring, nicolae_overflow_crystal_walls, serial_shops,
          nicolae_shop_industrial_runoff, minmay_fractal_squares_5
D:4:      layout_basic, mainiacjoe_overflow_boulevard,
          amcnicky_mini_corridor_feature, minmay_fractal_squares_diagonal_5
D:5:      layout_loops_ring, minitemple, temple_hall
D:6:      layout_basic, trog_three_pillars_becter, serial_bayou,
          serial_bayou_lagoon_b, serial_bayou_pond_c, serial_bayou_pond_e,
          serial_bayou_lagoon_a, serial_bayou_pond_b
D:7:      layout_basic, general_overflow_altar, mainiacjoe_overflow_alcove_2,
          grunt_ministairs_3, minivault_23
D:8:      layout_basic, enter_bailey_5, serial_demonic, serial_demonic_f,
          serial_demonic_c, serial_demonic_c, serial_demonic_f, serial_shops,
          shop, uniq_jeremiah, uniq_gastronok
D:9:      layout_long_grid, nicolae_take_the_stairs, minmay_misc_feat_chi
D:10:     layout_basic, minmay_orc_entry_temple_small
D:11:     layout_loops_ring, lair_entry_dummy, serial_shops,
          nicolae_diamond_shop
D:12:     minmay_heptahexagon, layout_basic, hangedman_decor_growths
D:13:     layout_irregular_city, hellmonk_vaults_attempted_burglary
D:14:     cheibrodos_magma_flow, layout_rooms, uniq_lodul, uniq_josephine
D:15:     grunt_enter_depths_hoard, layout_gridville,
          nemelex_lonely_heart_becter
Lair:1:   layout_hall_layers, gammafunk_ghost_icy, hibernation_bobbens,
          uniq_fannar, uniq_sonja, uniq_urug, uniq_joseph
Lair:2:   layout_roguey, mainiacjoe_swamp_entry_lozenge_pond,
          spider_nest_entry_funnel_web
Lair:3:   layout_cellular_growth, serial_bayou_ford_a
Lair:4:   nzn_winding_woodlands_small [nzn_winding_woodlands_5x15_default,
          nzn_winding_woodlands_center_diamonds,
          nzn_winding_woodlands_5x15_garden], layout_misc_corridors,
          grunt_megastairs_2
Lair:5:   grunt_lair_end_beastmaster, layout_regular_city, slime_entry_2,
          infiniplex_staircase_pool_2, grunt_megastairs_4
Swamp:1:  layout_falls_marsh, nicolae_swamp_fairy_circle,
          infiniplex_staircase_pool
Swamp:2:  layout_falls_marsh, serial_swamp_ruin, evilmike_swamp_ruin_house_5,
          evilmike_swamp_ruin_house_3, evilmike_swamp_ruin_house_1
Swamp:3:  layout_falls_marsh, nicolae_swamp_reclaimed_castle
Swamp:4:  swamp_alternative, layout_basic_swamp, swamp_pool_4
Spider:1: layout_cave_pods, portal_ice_cave_entry_pillars_1,
          guppyfry_spider_mini_1, hangedman_spider_tarantella_strand,
          uniq_mlioglotl, uniq_frances
Spider:2: layout_spider_delve, ebering_ghost_reflecting_pool,
          guppyfry_hornet_nest
Spider:3: nicolae_spider_broodchamber, hangedman_spider_mandibles,
          hellmonk_deceptive_appearances
Spider:4: guppyfry_spider_rune, nicolae_spider_jagged_tunnels
Orc:1:    layout_caves
Orc:2:    st_orc_mages, layout_caves, serial_shops, shop,
          nicolae_orc_stalacmites, uniq_jorgrun, uniq_rupert, uniq_erolcha
Vaults:1: v_alt_pattern_3, v_misc_4, nicolae_vaults_sesquioval_fish,
          kennysheep_ogre_elephant_herders, v_misc_33, v_alt_pattern_2,
          nicolae_vaults_mini_display_case, layout_vaults_omnigrid,
          serial_shops, nicolae_shop_pleasant_corner_grove, shop, uniq_zenata
Vaults:2: portal_desolation_entry_nicolae_slug, fort_yaktaur,
          minmay_crypt_entry_simple_plaza, nicolae_vaults_trapezoid_4,
          nicolae_vaults_network_quinsquares
          [nicolae_vaults_network_quincunx_subvault,
          nicolae_vaults_network_quincunx_subvault,
          nicolae_vaults_network_quincunx_subvault,
          nicolae_vaults_network_quincunx_subvault], vaults_room_corners,
          nicolae_vaults_tangram_2, nicolae_vaults_diamond_2,
          nicolae_vaults_spaceships, v_pattern_1, nicolae_vaults_ninety_degrees,
          v_misc_17, nicolae_vaults_little_squares_2, nicolae_vaults_diamond_2,
          nicolae_vaults_steering_wheel, nicolae_vaults_trapezoid_lopsided_3,
          layout_vaults_omnibox, serial_shops, bzr_entry_gold, uniq_mennas

Skill      XL: |  1  2  3  4  5  6  7  8  9 10 11 12 13 14 15 16 17 18 |
---------------+-------------------------------------------------------+-----
Axes           | 4 5 6 7 9 11 13 15 16 17 18 | 18.1
Fighting       | 4 5 6 7 9 10 12 13 15 17 19 20 | 20.4
Armour         | 3 5 6 7 8 10 11 12 13 14 15 16 17 | 17.3
Shields        | 1 2 3 4 5 6 7 8 9 10 12 13 15 19 | 19.8
Dodging        | 3 4 5 6 7 8 9 10 11 12 13 14 | 14.8
Stealth        | 1 2 |  2.2
Evocations     | 2 4 5 6 7 8 9 |  9.8

Action                     |  1- 3 |  4- 6 |  7- 9 | 10-12 | 13-15 | 16-18 | 19-21 || total
---------------------------+-------+-------+-------+-------+-------+-------+-------++-------
  Melee: Hand axe          |    82 |    72 |       |     6 |     4 |       |       ||   164
         Headbutt          |     7 |    17 |    50 |   136 |   247 |   370 |    35 ||   862
         War axe           |       |    17 |   219 |   603 |   220 |   199 |       ||  1258
         Broad axe         |       |       |       |       |   718 |  1144 |   139 ||  2001
 Invoke: Berserk           |       |       |     1 |     2 |       |       |       ||     3
         Brothers in Arms  |       |       |       |     2 |     8 |    10 |       ||    20
         Trog's Hand       |       |       |       |     1 |     7 |     3 |       ||    11
  Evoke: Wand              |       |       |       |     3 |     4 |     8 |       ||    15
         Tin of tremorston |       |       |       |       |       |     6 |       ||     6
    Use: Scroll            |     3 |     5 |     4 |    10 |    15 |    10 |       ||    47
         Potion            |       |       |       |     3 |     4 |     1 |     4 ||    12
   Stab: Sleeping          |     1 |     1 |       |       |       |       |       ||     2
         Distracted        |       |       |     1 |       |       |     2 |       ||     3
         Paralysed         |       |       |       |       |       |     1 |       ||     1
         Petrified         |       |       |       |       |       |     2 |       ||     2
 Armour: Animal skin       |    36 |       |       |       |       |       |       ||    36
         Leather armour    |    19 |    34 |       |       |       |       |       ||    53
         Scale mail        |       |    18 |       |       |    29 |       |       ||    47
         Ring mail         |       |     2 |       |       |       |       |       ||     2
         Chain mail        |       |       |    58 |   247 |    11 |       |       ||   316
         Plate armour      |       |       |    70 |   128 |       |       |       ||   198
         Crystal plate arm |       |       |       |    99 |       |       |       ||    99
         Pearl dragon scal |       |       |       |       |   298 |   501 |    55 ||   854
         Ice dragon scales |       |       |       |       |   393 |   473 |       ||   866
         Skin              |       |       |       |       |       |       |    29 ||    29
  Dodge: Dodged            |    33 |    58 |   148 |   432 |   781 |   643 |    18 ||  2113
         Repelled          |       |       |       |       |       |    69 |     1 ||    70
  Block: Buckler           |    10 |    12 |    49 |   146 |   352 |   331 |       ||   900
         Tower shield      |       |       |       |       |       |   585 |    85 ||   670

Table legend: (Time is in decaauts)
 A = Elapsed time spent in this place.
 B = Non-inter-level travel time spent in this place.
 C = Inter-level travel time spent in this place.
 D = Time resting spent in this place.
 E = Time spent auto-exploring this place.
 F = Levels seen in this place.
 G = Mean time per level.
                   A        B        C        D        E       F      G
               +--------+--------+--------+--------+--------+-----+--------+
         Total |  34359 |  31541 |   2818 |   4436 |  12919 |  34 | 1010.6 |
       Dungeon |  13858 |  12477 |   1381 |    781 |   7669 |  15 |  923.9 |
          Lair |   5905 |   4995 |    910 |    415 |   2589 |   5 | 1181.0 |
         Swamp |   2784 |   2689 |     95 |    377 |    939 |   4 |  696.0 |
   Spider Nest |   5768 |   5428 |    340 |   1746 |   1031 |   4 | 1442.0 |
  Orcish Mines |   1728 |   1640 |     88 |     74 |    325 |   2 |  864.0 |
        Vaults |   2697 |   2697 |      0 |    573 |    112 |   2 | 1348.5 |
        Bailey |    580 |    580 |      0 |     36 |    125 |   1 |  580.0 |
      Ice Cave |   1038 |   1038 |      0 |    433 |    129 |   1 | 1038.0 |
               +--------+--------+--------+--------+--------+-----+--------+

Top non-repeatable levels by time:
Vaults:1: 2199 daAuts
Spider:4: 2059 daAuts
  Lair:2: 1683 daAuts
    D:12: 1517 daAuts
  Lair:5: 1413 daAuts
   Orc:2: 1291 daAuts
Spider:2: 1280 daAuts
Spider:3: 1247 daAuts
    D:11: 1222 daAuts
Spider:1: 1182 daAuts
     D:1: 1142 daAuts
     D:5: 1107 daAuts
  Lair:3: 1075 daAuts
   IceCv: 1038 daAuts
    D:14: 934 daAuts
